 Dungeon Crawl Stone Soup version 0.28.0-1-gb440e238dd (webtiles) character file.

Game seed: 6140188690655707505

84 mcwallace the Digger (level 4, -1/32 HPs)
             Began as a Demonspawn Earth Elementalist on Feb 21, 2022.
             Hit by a stone thrown by a gnoll (4 damage)
             ... on level 2 of the Dungeon.
             The game lasted 00:02:20 (1947 turns).

mcwallace the Digger (DsEE)                         Turns: 1947, Time: 00:02:21

Health: -1/32      AC:  2    Str:  8    XL:     4   Next: 24%
Magic:  4/7        EV: 12    Int: 19    God:
Gold:   29         SH:  0    Dex: 13    Spells: 7/8 levels left

rFire   . . .      SeeInvis .   g - +0 short sword {short}
rCold   . . .      Faith    .   (no shield)
rNeg    . . .      Spirit   .   b - +0 robe
rPois   .          Reflect  .   (no helmet)
rElec   .          Harm     .   (no cloak)
rCorr   .          Rampage  .   (no gloves)
Will    .....                   (no boots)
Stlth   ++........              (no amulet)
HPRegen 0.10/turn               (no ring)
MPRegen 0.10/turn               (no ring)

@: no status effects
A: hooves 2, spiny 1
a: no special abilities


You were on level 2 of the Dungeon.
You visited 1 branch of the dungeon, and saw 2 of its levels.

You collected 29 gold pieces.


Innate Abilities, Weirdness & Mutations

You have hoof-like feet.
You are partially covered in sharp spines.


   Skills:
 + Level 1.5 Fighting
 + Level 2.4 Dodging
 - Level 1.7 Stealth
 + Level 2.5 Spellcasting
 + Level 1.7 Transmutations
 + Level 3.1 Earth Magic


You had 7 spell levels left.
You knew the following spells:

 Your Spells              Type           Power      Damage    Failure   Level
a - Sandblast             Erth           28%        2d8       4%          1

Your spell library contained the following spells:

 Spells                   Type           Power      Damage    Failure   Level
 Passwall                 Tmut/Erth      9%         N/A       9%          2
 Stone Arrow              Conj/Erth      16%        3d8       26%         3
 Petrify                  Tmut/Erth      11%        N/A       50%         4

Inventory:

Hand Weapons
 d - a +0 club {mace}
   (You took it off a goblin on level 1 of the Dungeon)
 g - a +0 short sword (weapon) {short}
   (You took it off a kobold on level 1 of the Dungeon)
 h - a +0 dagger {short}
   (You found it on level 1 of the Dungeon)
Missiles
 c - 7 stones {throwing}
 e - 3 curare-tipped darts {=fthrowing}
 i - 3 poisoned darts {throwing}
 j - 29 arrows
 m - 13 sling bullets
Armour
 b - a +0 robe (worn)
Scrolls
 k - a scroll of identify {unknown}
Potions
 a - 2 potions of curing {unknown}
 f - 2 potions of cancellation {unknown}
 l - 2 potions of lignification {unknown}
 n - a potion of heal wounds {unknown}

Dungeon Overview and Level Annotations

Branches:
Dungeon (2/15)

Altars:

....>..†#####
#############.#
#.....g)g...#.#
#.#########.#.#
#.# #g#.# #g#
#g#.# .g. #.#.#
..g #.#.# .....
#@#.# .....
#.#.# .......
#.#.# #.#.#
#.#.# #.#.#
#.#.# #.#.#
#.#.#


You could see 2 gnolls.


Message History

A giant cockroach and an adder come into view.
The adder hisses angrily.
The adder bites you.
You are poisoned.
The adder poisons you! 😕 HP[-3]
You take 3 damage, and now have 23/26 hp.
The blast of sand hits the adder!
You kill the adder!
You feel sick.
The giant cockroach misses you. 😕 HP[-2] MP[-1]
You take 2 damage, and now have 21/26 hp.
You lost 1 mp, and now have 5/6 mp.
The blast of sand hits the giant cockroach!
You kill the giant cockroach!
You feel sick. 😕 HP[-1] MP[-1]
You take 1 damage, and now have 20/26 hp.
You lost 1 mp, and now have 4/6 mp.
You feel sick.
You feel sick.
You feel sick.
You feel sick.
You are no longer poisoned.
Things that are here:
a giant cockroach corpse; an adder corpse 😎 HP[+6] MP[+2]
Your hp is fully restored (26).
Your mp is fully restored (6).
n - a bubbling blue potion A gnoll comes into view.
It is wielding a +0 spear.
The gnoll moves out of view.
A hound comes into view.
The hound barks!
You can't see any susceptible monsters within range! (Use Z to cast anyway.)
A gnoll comes into view. It is wielding a +0 spear. x2
The gnoll throws a throwing net.
The throwing net hits you.
You become entangled in the net!
You see here a throwing net {=f!fthrowing}.
You struggle against the net.
You struggle against the net.
The gnoll shouts!
A ball python comes into view.
You struggle against the net.
The hound bites you. x2 😮 HP[-8]
You take 8 damage, and now have 18/26 hp.
MASSIVE DAMAGE!! (PAUSE)
You shred the net and break free! The hound bites you.
* * * LOW HITPOINT WARNING * * *
😨 HP[-5]
You take 5 damage, and now have 13/26 hp.
The hound bites you but does no damage. The hound bites you.
* * * LOW HITPOINT WARNING * * *
😨 HP[-4]
You take 4 damage, and now have 9/26 hp.
The hound closely misses you. 😨 HP[+1]
The hound bites you.
* * * LOW HITPOINT WARNING * * *
😨 HP[-3]
You take 3 damage, and now have 7/26 hp.
Casting: Sandblast (safe; 4% risk of failure)
Confirm with . or Enter, or press ? or * to list all spells.
Aiming: Sandblast (safe; 4% risk of failure)
Press: ? - help, Shift-Dir - straight line, f - hound
Aim: a hound (71% to hit)
The blast of sand hits the hound!
The hound bites you but does no damage. The hound bites you.
* * * LOW HITPOINT WARNING * * *
😱 HP[-1] MP[-1]
You take 1 damage, and now have 6/26 hp.
You lost 1 mp, and now have 5/6 mp.
Casting: Sandblast (safe; 4% risk of failure)
Confirm with . or Enter, or press ? or * to list all spells.
Aiming: Sandblast (safe; 4% risk of failure)
Press: ? - help, Shift-Dir - straight line, f/p - hound
Aim: a hound (severely wounded, 71% to hit)
The blast of sand misses the hound.
The blast of sand hits the gnoll!
You kill the gnoll!
The hound bites you but does no damage. The hound bites you.
* * * LOW HITPOINT WARNING * * *
😱 HP[-4] MP[-1]
You take 4 damage, and now have 2/26 hp.
You lost 1 mp, and now have 4/6 mp.
The hound bites you but does no damage.
Casting: Sandblast (safe; 4% risk of failure)
Confirm with . or Enter, or press ? or * to list all spells.
Aiming: Sandblast (safe; 4% risk of failure)
Press: ? - help, Shift-Dir - straight line, f/p - hound
Aim: a hound (severely wounded, 71% to hit)
The blast of sand hits the hound.
You kill the hound!
You have reached level 4!
You feel clever.
Your demonic ancestry asserts itself...
Sharp spines emerge from parts of your body. 😱 HP[+1] MP[-1]
You now have 32 max hp (+6).
The gnoll throws a stone.
The stone hits you.
You die...

Skill      XL: |  1  2  3 |
---------------+----------+-----
Transmutations | 1 |  1.7
Dodging        | 2 |  2.4
Fighting       | 1 |  1.5
Earth Magic    | 3 |  3.1
Stealth        | |  1.7
Spellcasting   | |  2.5

Action                   |  1- 3 |  4- 6 || total
-------------------------+-------+-------++-------
Melee: Unarmed           |     9 |       ||     9
       Short sword       |    11 |       ||    11
       Kick              |     1 |       ||     1
 Cast: Sandblast         |    43 |       ||    43
Armor: Robe              |     8 |       ||     8
Dodge: Dodged            |    23 |       ||    23

Levels and vault maps discovered:
D:1:      eino_arrival_water_cross, layout_basic,
          hellmonk_ecumenical_altar_watching_god, minmay_tromino_mix6
D:2:      layout_basic

Notes
Turn   | Place    | Note
-------+----------+-------------------------------------------
     0 | D:1      | mcwallace the Demonspawn Earth Elementalist began the quest
                  | for the Orb.
     0 | D:1      | Reached XP level 1. HP: 13/13 MP: 3/3
     0 | D:1      | magus.rc [v1.9.6]
    72 | D:1      | HP: 3/13 [hobgoblin (3)]
    80 | D:1      | Reached skill level 1 in Transmutations
   410 | D:1      | Gained mutation: You have large cloven feet. [demonic
                  | ancestry]
   410 | D:1      | Reached XP level 2. HP: 20/20 MP: 3/5
   507 | D:1      | Reached skill level 2 in Dodging
  1089 | D:1      | Noticed a floating eye
  1091 | D:1      | Found a faded altar of an unknown god.
  1093 | D:1      | Noticed a golden eye
  1093 | D:1      | Noticed a golden eye
  1093 | D:1      | Noticed a golden eye
  1141 | D:1      | Reached skill level 1 in Fighting
  1141 | D:1      | Gained mutation: You have hoof-like feet. [demonic
                  | ancestry]
  1141 | D:1      | Reached XP level 3. HP: 25/26 MP: 3/6
  1295 | D:1      | Reached skill level 3 in Earth Magic
  1938 | D:2      | HP: 6/26 [hound (1)]
  1940 | D:2      | HP: 2/26 [hound (4)]
  1946 | D:2      | Gained mutation: You are partially covered in sharp spines.
                  | [demonic ancestry]
  1946 | D:2      | Reached XP level 4. HP: 3/32 MP: 3/7
  1947 | D:2      | Hit by a stone thrown by a gnoll

Vanquished Creatures
  A hound (D:2)
  An adder (D:2)
  A gnoll (D:2)
  5 ball pythons (D:1)
  6 bats (D:1)
  An endoplasm (D:1)
  A giant cockroach (D:2)
  6 goblins (D:1)
  3 hobgoblins (D:1)
  A kobold (D:1)
  2 quokkas (D:1)
  A frilled lizard (D:1)
  A rat (D:1)
30 creatures vanquished.

Table legend:
 A = Non-vault XP
 B = Vault XP
 C = Vault XP percentage of total XP
 D = Non-vault monster count
 E = Vault monster count
 F = Vault count percentage of total count
                 A         B        C        D         E       F
            +---------+---------+-------+---------+---------+-------
      Total |     115 |       6 |   5.0 |      27 |       3 |  10.0
            +---------+---------+-------+---------+---------+-------
        D:1 |      40 |       6 |  13.0 |      23 |       3 |  11.5
        D:2 |      75 |       0 |   0.0 |       4 |       0 |   0.0
            +---------+---------+-------+---------+---------+-------

Illustrated notes

Table legend:
 A = Kills in this place as a percentage of kills in entire the game.
 B = Kills by you in this place as a percentage of kills by you in the entire game.
 C = Kills by friends in this place as a percentage of kills by friends in the entire game.
 D = Other kills in this place as a percentage of other kills in the entire game.
 E = Experience gained in this place as a percentage of experience gained in the entire game.
 F = Experience gained in this place divided by the number of levels of this place that you have seen.
                   A       B       C       D       E      F
               +-------+-------+-------+-------+-------+----------------------
         Total | 100.0 | 100.0 |   N/A |   N/A | 100.0 |  60.5
       Dungeon | 100.0 | 100.0 |   N/A |   N/A | 100.0 |  60.5
               +-------+-------+-------+-------+-------+----------------------

Table legend: (Time is in decaauts)
 A = Elapsed time spent in this place.
 B = Non-inter-level travel time spent in this place.
 C = Inter-level travel time spent in this place.
 D = Time resting spent in this place.
 E = Time spent auto-exploring this place.
 F = Levels seen in this place.
 G = Mean time per level.
                   A        B        C        D        E       F      G
               +--------+--------+--------+--------+--------+-----+--------+
         Total |   1947 |   1919 |     28 |      0 |   1721 |   2 |  973.5 |
       Dungeon |   1947 |   1919 |     28 |      0 |   1721 |   2 |  973.5 |
               +--------+--------+--------+--------+--------+-----+--------+

Top non-repeatable levels by time:
     D:1: 1679 daAuts
     D:2: 267 daAuts
